 Dungeon Sprint DCSS version 0.19.5 (webtiles) character file.

5098 dwjmeijer the Unseen (level 10, 0/66 HPs)
             Began as a Spriggan Enchanter on Apr 27, 2017.
             Was the Champion of Zin.
             Slain by a kobold demonologist
             ... wielding a +0 dagger
              (2 damage)
             ... in the Dungeon (Sprint I: "Red Sonja").
             The game lasted 00:04:37 (736 turns).

dwjmeijer the Unseen (Spriggan Enchanter)            Turns: 736, Time: 00:04:37

Health: 0/66       AC:  3    Str:  9    XL:     10   Next: 32%
Magic:  27/27      EV: 17    Int: 17    God:    Zin [******]
Gold:   545        SH:  0    Dex: 24    Spells: 4 memorised, 24 levels left

rFire  . . .     SeeInvis +     a - +1 dagger
rCold  . . .     Gourm    .     b - +1 robe
rNeg   . . .     Faith    .     (shield restricted)
rPois  .         Spirit   .     (helmet restricted)
rElec  .         Reflect  .     (no cloak)
rCorr  .         Harm     .     (gloves unavailable)
MR     +....     NoTele   +     (boots unavailable)
Stlth  ..........               (no amulet)
                                (no ring)
                                n - +4 ring of dexterity (curse)

@: berserking, short of breath, heavily drained, very quick
A: unfitting armour, see invisible, herbivore 3, speed 3, slow metabolism 2
a: Recite, Vitalisation, Imprison, Sanctuary, Donate Gold, Cure All Mutations,
Renounce Religion


You were in the Dungeon.
You worshipped Zin.
Zin was exalted by your worship.
You were not hungry.

You visited 1 branch You collected 830 gold pieces.
You spent 264 gold pieces at shops.
You donated 21 gold pieces to Zin.

Inventory:

Hand Weapons
 a - a +1 dagger (weapon)
Armour
 b - a +1 robe (worn)
Jewellery
 n - a cursed +4 ring of dexterity (left hand)
Wands
 l - a wand of iceblast (5/15)
Scrolls
 j - a scroll of blinking
 k - a scroll of enchant armour {unknown}
Potions
 e - 5 potions of curing
 g - a potion of haste
 h - 2 potions of magic
 m - a potion of ambrosia {unknown}
 o - 2 potions of lignification {unknown}
Books
 c - a book of Maledictions

   Spells                             Type                      Level
   a - Corona                         Hexes                        1
   b - Ensorcelled Hibernation        Hexes/Ice                    2
   c - Confuse                        Hexes                        3
   d - Tukima's Dance                 Hexes                        3
   e - Dazzling Spray                 Conjuration/Hexes            3
Comestibles
 d - a bread ration


   Skills:
 - Level 1.1(0.0) Short Blades
 - Level 3.0(1.8) Dodging
 + Level 20.3(18.6) Stealth
 - Level 12.1(10.7) Spellcasting
 + Level 16.3(14.7) Hexes
 + Level 10.3(8.9) Invocations


You had 24 spell levels left.
You knew the following spells:

 Your Spells              Type           Power        Failure   Level  Hunger
a - Corona                Hex            ######.      1%          1    None
b - Ensorcelled Hibernat  Hex/Ice        ####..       1%          2    None
c - Confuse               Hex            ######..     1%          3    None
d - Dazzling Spray        Conj/Hex       ####..       1%          3    None


Dungeon Overview and Level Annotations

Branches:
Dungeon (1/1)

Altars:
Cheibriados
Dithmenos
Elyvilon
Fedhas
Gozag
Hepliaklqana
Kikubaaqudgha
Makhleb
Nemelex Xobeh
Okawaru
Qazlal
Ru
Sif Muna
Trog
Uskayaw
Vehumet
Xom
Yredelemnul
Zin
The Shining One
Jiyva
Lugonu

Shops:
D :*[*=*[


Innate Abilities, Weirdness & Mutations

You are very small and have problems with some larger weapons.
You are too small for most types of armour.
You have supernaturally acute eyesight. (SInv)
You are a herbivore.
You cover ground extremely quickly.
You need consume almost no food.


Message History

A red film seems to cover your vision as you go berserk!
You feel yourself moving faster!
You feel mighty! The soul eater hits you! Zin protects you from harm!
You feel drained.
* * * LOW HITPOINT WARNING * * *
You puncture the floating eye!
The floating eye is heavily wounded.
The hellwing hits you but does no damage.
The hellwing hits you.
* * * LOW HITPOINT WARNING * * *
The floating eye's stare focuses on you.
The kobold demonologist hits the floating eye with a dagger.
You puncture the floating eye!
You kill the floating eye!
The soul eater draws from the surrounding life force!
Zin protects you from harm! The hellwing closely misses you.
The hellwing misses you.
The kobold demonologist seems less confused.
The kobold demonologist hits you with a dagger.
You die...

###################
..#.)'..#__#..'.3K#
.)'..#..'..'..#4@K#
#'#####'#__####...+
..#...#.#### #####
###..##)# __##'#..+
...'..._#
__##_.#'##+###
__###'#.#(...###
#####.####'###)##


You could see a soul eater, a hellwing and 2 kobold demonologists.

Vanquished Creatures
  Sonja (D)
  A deep troll (D)
  8 shining eyes (D)
  A slime creature (D)
  Sigmund (D)
  A yak (D)
  5 floating eyes (D)
  An ogre (D)
  A jelly (D)
  Ijyb (D)
21 creatures vanquished.

Vanquished Creatures (others)
  2 ballistomycete spores (D)
2 creatures vanquished.

Grand Total: 23 creatures vanquished

Notes
Turn   | Place    | Note
-------+----------+-------------------------------------------
     0 | D        | dwjmeijer the Spriggan Enchanter began the quest for the Orb.
     0 | D        | Reached XP level 1. HP: 9/9 MP: 5/5
     2 | D        | Noticed Ijyb
    12 | D        | Killed Ijyb
    12 | D        | Reached skill level 6 in Stealth
    12 | D        | Reached skill level 5 in Hexes
    12 | D        | Reached XP level 2. HP: 7/13 MP: 5/8
   150 | D        | Learned a level 2 spell: Ensorcelled Hibernation
   151 | D        | Noticed an ogre
   153 | D        | Killed an ogre
   153 | D        | Reached skill level 9 in Stealth
   153 | D        | Reached XP level 3. HP: 16/16 MP: 9/12
   153 | D        | Reached XP level 4. HP: 21/21 MP: 9/13
   168 | D        | Learned a level 3 spell: Confuse
   172 | D        | Learned a level 3 spell: Dazzling Spray
   173 | D        | Noticed Sigmund
   175 | D        | Killed Sigmund
   175 | D        | Reached skill level 11 in Stealth
   175 | D        | Reached XP level 5. HP: 24/24 MP: 11/17
   187 | D        | Found a deep blue altar of Sif Muna.
   189 | D        | Found a radiant altar of Vehumet.
   193 | D        | Reached XP level 6. HP: 28/28 MP: 12/19
   201 | D        | Found Yluatep's Assorted Antiques.
   201 | D        | Found an ancient bone altar of Kikubaaqudgha.
   201 | D        | Found a hazy altar of Hepliaklqana.
   201 | D        | Found a stormy altar of Qazlal.
   201 | D        | Found a hide-covered altar of Uskayaw.
   201 | D        | Found a blossoming altar of Fedhas.
   201 | D        | Found a bloodstained altar of Trog.
   201 | D        | Found an iron altar of Okawaru.
   201 | D        | Found a basalt altar of Yredelemnul.
   201 | D        | Found a glowing golden altar of the Shining One.
   201 | D        | Found a snail-covered altar of Cheibriados.
   201 | D        | Found a sacrificial altar of Ru.
   201 | D        | Found a glowing silver altar of Zin.
   201 | D        | Found a shadowy altar of Dithmenos.
   201 | D        | Found a white marble altar of Elyvilon.
   201 | D        | Noticed a yak
   202 | D        | Found an opulent altar of Gozag.
   203 | D        | Killed a yak
   203 | D        | Reached skill level 13 in Stealth
   203 | D        | Reached skill level 10 in Spellcasting
   203 | D        | Reached skill level 10 in Hexes
   204 | D        | Found a sparkling altar of Nemelex Xobeh.
   210 | D        | Became a worshipper of Zin the Law-Giver
   210 | D        | Reached * piety under Zin
   210 | D        | Reached ** piety under Zin
   210 | D        | Reached *** piety under Zin
   210 | D        | Reached **** piety under Zin
   210 | D        | Reached ***** piety under Zin
   210 | D        | Reached ****** piety under Zin
   239 | D        | Noticed Sonja
   243 | D        | Killed Sonja
   243 | D        | Reached skill level 15 in Stealth
   243 | D        | Reached XP level 7. HP: 32/32 MP: 18/23
   243 | D        | Reached XP level 8. HP: 36/36 MP: 19/25
   257 | D        | Found Qengahuo's Book Boutique.
   266 | D        | Noticed a shining eye
   266 | D        | Noticed a shining eye
   266 | D        | Noticed a shining eye
   267 | D        | Noticed a shining eye
   267 | D        | Noticed a shining eye
   267 | D        | Noticed a shining eye
   268 | D        | Reached skill level 1 in Invocations
   271 | D        | Noticed a shining eye
   271 | D        | Noticed a shining eye
   272 | D        | Killed a shining eye
   272 | D        | Reached skill level 16 in Stealth
   276 | D        | Reached skill level 5 in Invocations
   278 | D        | Killed a shining eye
   278 | D        | Reached skill level 17 in Stealth
   278 | D        | Reached XP level 9. HP: 39/39 MP: 22/26
   286 | D        | Killed a shining eye
   286 | D        | Reached skill level 18 in Stealth
   307 | D        | Killed a shining eye
   335 | D        | Killed a shining eye
   335 | D        | Reached skill level 15 in Hexes
   354 | D        | Killed a shining eye
   354 | D        | Reached skill level 19 in Stealth
   358 | D        | Killed a shining eye
   358 | D        | Reached XP level 10. HP: 44/44 MP: 27/27
   369 | D        | Killed a shining eye
   382 | D        | Found Fulyewos's Jewellery Shop.
   382 | D        | Found Sunen's Assorted Antiques.
   382 | D        | Found Xadics's Assorted Antiques.
   382 | D        | Found Focit's Antique Armour Emporium.
   388 | D        | Bought a cursed +4 ring of dexterity for 264 gold pieces
   418 | D        | Noticed a deep troll
   422 | D        | Killed a deep troll
   422 | D        | Reached skill level 20 in Stealth
   422 | D        | Reached skill level 10 in Invocations
   432 | D        | Found Diteam's Armour Emporium.
   706 | D        | Found a burning altar of Makhleb.
   706 | D        | Found a viscous altar of Jiyva.
   706 | D        | Found a shimmering altar of Xom.
   706 | D        | Found a corrupted altar of Lugonu.
   725 | D        | Noticed a soul eater
   725 | D        | Paralysed by a floating eye for 4 turns
   728 | D        | HP: 1/44 [soul eater[a kobold demonologist] (21)]
   730 | D        | Paralysed by a floating eye for 3 turns
   730 | D        | Zin protects you from harm!
   733 | D        | Zin protects you from harm!
   733 | D        | HP: 3/66 [soul eater[a kobold demonologist] (4)]
   735 | D        | Zin protects you from harm!
   736 | D        | Slain by a kobold demonologist

Skill      XL: |  1  2  3  4  5  6  7  8  9 10 |
---------------+-------------------------------+-----
Stealth        | 6 9 11 15 17 19 20 | 20.3
Spellcasting   | 4 6 9 12 | 12.1
Hexes          | 5 7 9 12 14 15 16 | 16.3
Invocations    | 6 9 10 | 10.3
Short Blades   | |  1.1
Dodging        | |  3.0

Action                   |  1- 3 |  4- 6 |  7- 9 | 10-12 || total
-------------------------+-------+-------+-------+-------++-------
Melee: Dagger            |    10 |     4 |    62 |    16 ||    92
 Cast: Ensorcelled Hiber |       |     1 |     2 |     1 ||     4
Invok: Recite            |       |       |     3 |     1 ||     4
  Use: Potion            |       |       |       |     2 ||     2
 Stab: Sleeping          |     2 |     4 |     7 |     2 ||    15
Armor: Robe              |       |       |       |     1 ||     1
Dodge: Dodged            |     5 |       |       |     5 ||    10
